cohdb
Replays
Latest Replays
All Replays
Popular Replays
Top Player Replays
Match Explorer
How It Works
Community
CoH3 Stats
Reddit
Sign in to upload your games and track your stats! →
Sign in with Steam
Match 44038379
Unlisted
Match 44038379
Overview
Messages
Build Orders
End
Scout Squad
Selects Armored Battlegroup
Selects Assault Engineers
Assault Engineer Squad
Assault Engineer Squad
Assault Engineer Squad
Assault Engineer Squad
Construct Weapon Support Center
Selects Fast Deploy
Air Support Center
M3 Armored Personnel Carrier
M1919 Machine Gun Team
M1919 Machine Gun Team
Construct Medical Station
M1919 Machine Gun Team
Grasshopper Recon Run
P-47 Dive Bomb
Construct Tank Depot
Selects Seek and Destroy
Selects UNKNOWN (2160077)
P-47 Dive Bomb
Scout Squad
M4A3E8 Sherman Easy Eight
Construct Barracks
Selects M31 Recovery Vehicle
Riflemen Squad
Bazooka Squad
P-47 Dive Bomb
K̳itsuné
Miguel
0
0
Comments
sign in to comment!
No comments posted yet!